 Dungeon Crawl Stone Soup version 0.30.0-19-g36f170ea60 (webtiles) character file.

Game seed: 11849439653725330930

53 booth the Chopper (level 3, -4/31 HPs)
             Began as a Gnoll Reaver on May 28, 2023.
             Slain by a goblin
             ... wielding a +2 dagger of venom
             ... led by Robin
              (8 damage)
             ... on level 2 of the Dungeon.
             The game lasted 00:07:47 (1339 turns).

booth the Chopper (Gnoll Reaver)                    Turns: 1339, Time: 00:07:47

Health: -4/31      AC:  3    Str: 13    XL:     3   Next: 89%
Magic:  7/9        EV: 12    Int: 12    God:
Gold:   66         SH:  0    Dex: 10    Spells: 3/12 levels left

rFire   . . .        a - +0 hand axe
rCold   . . .        (no shield)
rNeg    . . .        b - +0 leather armour
rPois   .            (no helmet)
rElec   .            (no cloak)
rCorr   .            (no gloves)
SInv    .            (no boots)
Will    .....        (no amulet)
Stlth   +            (no ring)
HPRegen 0.25/turn    (no ring)
MPRegen 0.11/turn

%: no passive effects
@: lethally poisoned (-4 -> -11)
A: fangs 1, strong nose, distributed training
a: no special abilities


You were on level 2 of the Dungeon.
You visited 1 branch of the dungeon, and saw 2 of its levels.

You collected 66 gold pieces.

Inventory:

Hand Weapons
 a - a +0 hand axe (weapon)
 c - a +1 whip of pain
Armour
 b - a +0 leather armour (worn)
Scrolls
 e - a scroll of magic mapping
 g - a scroll of blinking
 h - a scroll of teleportation {unknown}
 j - a scroll of butterflies {unknown}
 l - a scroll of silence {unknown}
Potions
 d - a potion of mutation
 f - 2 potions of attraction
 i - a potion of heal wounds {unknown}
 k - a potion of haste {unknown}
 m - 2 potions of brilliance {unknown}


   Skills:
 + Level 4.6 Fighting
 + Level 1.0 Short Blades
 + Level 1.0 Long Blades
 + Level 6.5 Axes
 + Level 1.0 Maces & Flails
 + Level 1.0 Polearms
 + Level 1.0 Staves
 + Level 1.0 Ranged Weapons
 + Level 1.0 Throwing
 + Level 1.0 Armour
 + Level 4.6 Dodging
 + Level 1.0 Stealth
 + Level 1.0 Shields
 + Level 1.0 Unarmed Combat
 + Level 5.0 Spellcasting
 + Level 5.4 Conjurations
 + Level 0.7 Hexes
 + Level 0.7 Summonings
 + Level 0.7 Necromancy
 + Level 0.7 Translocations
 + Level 0.7 Transmutations
 + Level 0.7 Fire Magic
 + Level 0.7 Ice Magic
 + Level 0.7 Air Magic
 + Level 0.7 Earth Magic
 + Level 0.7 Poison Magic
 + Level 1.1 Invocations
 + Level 1.0 Evocations


You had 3 spell levels left.
You knew the following spells:

 Your Spells              Type           Power      Damage    Failure   Level
a - Kiss of Death         Conj/Necr      40%        2d8       7%          1
b - Momentum Strike       Conj/Tloc      20%        3d8       11%         2
c - Hailstorm             Conj/Ice       10%        3d5       22%         3
d - Call Canine Familiar  Summ           4%         N/A       50%         3

Your spell library contained the following spells:

 Spells                   Type           Power      Damage    Failure   Level
 Summon Small Mammal      Summ           16%        N/A       19%         1
 Summon Guardian Golem    Hex/Summ       4%         N/A       50%         3


Dungeon Overview and Level Annotations

Branches:
Dungeon (2/15)

Altars:
Yredelemnul


Innate Abilities, Weirdness & Mutations

You have very sharp teeth.
Your uncanny sense of smell can sniff out nearby items.
Your experience applies equally to all skills.


Message History

Your Staves skill increases to level 1!
Your Ranged Weapons skill increases to level 1!
Your Throwing skill increases to level 1!
Your Armour skill increases to level 1!
Your Stealth skill increases to level 1!
Your Shields skill increases to level 1!
Your Unarmed Combat skill increases to level 1!
Your Evocations skill increases to level 1!
You barely miss the hobgoblin. You hit the goblin.
The hobgoblin hits you but does no damage.
The goblin hits you with a +0 club.
You hit the hobgoblin.
The hobgoblin is heavily wounded.
You hit the goblin.
You kill the goblin!
The hobgoblin hits you.
The frilled lizard unfolds its giant frill.
You hit the hobgoblin.
You kill the hobgoblin!
You hit the goblin.
The goblin hits you with a +2 dagger of venom!
You are lethally poisoned!
You miss the frilled lizard. You barely miss the goblin.
* * * LOW HITPOINT WARNING * * *
You feel very sick.
The frilled lizard completely misses you.
The goblin closely misses you.
You hit the frilled lizard.
You kill the frilled lizard!
You closely miss the goblin.
* * * LOW HITPOINT WARNING * * *
You feel very sick. The goblin barely misses you.
You cannot move.
You hit the goblin but do no damage. You completely miss the goblin.
You are no longer robbed of momentum.
* * * LOW HITPOINT WARNING * * *
You feel sick. The goblin closely misses you.
The goblin hits you with a +2 dagger of venom!
You die...

#...#
#######...######
##...............
#........>.รทรท....
#................
#.######...#####.
#.# #...# #.
####.#### #...# #.
#gg@)...# #.<.# ##
#)##g##.# #...# ...
...# ##......
...........
#.#.###.#
..#..#.#.#.#..#.#.#
# .....#...
......... g... #...
....#.##. .### ##..
.##.. .


You could see 3 goblins.

Vanquished Creatures
  Robin (D:2)
  A worm (D:2)
  2 dart slugs (D:1)
  2 ball pythons (D:1)
  An endoplasm (D:1)
  A giant cockroach (D:1)
  4 goblins (D:2)
  6 hobgoblins
  2 jackals (D:1)
  A quokka (D:2)
  3 bats (D:1)
  5 frilled lizards
  4 kobolds
  2 rats
35 creatures vanquished.

Notes
Turn   | Place    | Note
-------+----------+-------------------------------------------
     0 | D:1      | booth the Gnoll Reaver began the quest for the Orb.
     0 | D:1      | Reached XP level 1. HP: 20/20 MP: 6/6
   292 | D:1      | Reached XP level 2. HP: 23/26 MP: 7/7
   298 | D:1      | Learned a level 2 spell: Momentum Strike
   731 | D:1      | Reached skill level 5 in Spellcasting
   731 | D:1      | Reached XP level 3. HP: 23/31 MP: 7/9
   740 | D:1      | Learned a level 3 spell: Hailstorm
   744 | D:1      | Learned a level 3 spell: Call Canine Familiar
   924 | D:2      | Found a basalt altar of Yredelemnul.
  1218 | D:2      | Reached skill level 1 in Invocations
  1320 | D:2      | Noticed Robin
  1333 | D:2      | Killed Robin
  1334 | D:2      | Reached skill level 1 in Short Blades
  1334 | D:2      | Reached skill level 1 in Long Blades
  1334 | D:2      | Reached skill level 1 in Maces & Flails
  1334 | D:2      | Reached skill level 1 in Polearms
  1334 | D:2      | Reached skill level 1 in Staves
  1334 | D:2      | Reached skill level 1 in Ranged Weapons
  1334 | D:2      | Reached skill level 1 in Throwing
  1334 | D:2      | Reached skill level 1 in Armour
  1334 | D:2      | Reached skill level 1 in Stealth
  1334 | D:2      | Reached skill level 1 in Shields
  1334 | D:2      | Reached skill level 1 in Unarmed Combat
  1334 | D:2      | Reached skill level 1 in Evocations
  1339 | D:2      | Slain by a goblin

Illustrated notes

Levels and vault maps discovered:
D:1:      minmay_arrival_shattered_statue, layout_basic
D:2:      layout_loops_cross, basic_altar, uniq_robin

Skill      XL: |  1  2  3 |
---------------+----------+-----
Spellcasting   | 5 |  5.0
Invocations    | 1 |  1.1
Short Blades   | 1 |  1.0
Long Blades    | 1 |  1.0
Maces & Flails | 1 |  1.0
Polearms       | 1 |  1.0
Staves         | 1 |  1.0
Ranged Weapons | 1 |  1.0
Throwing       | 1 |  1.0
Armour         | 1 |  1.0
Stealth        | 1 |  1.0
Shields        | 1 |  1.0
Unarmed Combat | 1 |  1.0
Evocations     | 1 |  1.0
Fighting       | |  4.6
Axes           | |  6.5
Dodging        | |  4.6
Conjurations   | |  5.4
Hexes          | |  0.7
Summonings     | |  0.7
Necromancy     | |  0.7
Translocations | |  0.7
Transmutations | |  0.7
Fire Magic     | |  0.7
Ice Magic      | |  0.7
Air Magic      | |  0.7
Earth Magic    | |  0.7
Poison Magic   | |  0.7

Action                     || total
---------------------------++-------
  Melee: Hand axe          ||    95
         Bite              ||     6
         Punch             ||     1
   Cast: Momentum Strike   ||     1
    Use: Scroll            ||     4
 Armour: Leather armour    ||    22
  Dodge: Dodged            ||    70
